 Dungeon Crawl Stone Soup version 0.30-a0-782-ge64f9170bb (webtiles) character file.

Game seed: 7663481481276080536

6110 senseless the Fighter (level 10, -2/83 HPs)
             Began as a Demonspawn Fighter on Mar 13, 2023.
             Was a High Priest of Okawaru.
             Slain by an orc warrior
             ... wielding a +1 short sword of electrocution
              (15 damage)
             ... on level 1 of the Orcish Mines.
             The game lasted 00:29:53 (8744 turns).

senseless the Fighter (Demonspawn Fighter)          Turns: 8744, Time: 00:29:53

Health: -2/83      AC: 16    Str: 20    XL:     10   Next: 58%
Magic:  10/10      EV:  9    Int:  9    God:    Okawaru [*****.]
Gold:   598        SH:  5    Dex:  9    Spells: 9/9 levels left

rFire   . . .      SeeInvis .    a - +11 mace "Hell-Harrower" {pain, Fly Will+++ Dex-5 Stlth+}
rCold   . . .      Faith    .    c - +0 buckler
rNeg    . . .      Spirit   .    L - +0 plate armour
rPois   .          Reflect  .    (helmet restricted)
rElec   .          Harm     .    s - +1 cloak
rCorr   .          Rampage  .    M - +0 pair of gloves
Will    +++..                    (no boots) Stlth
                                 (no amulet)
HPRegen 0.33/turn                (no ring)
MPRegen 0.12/turn                (no ring)

@: flying
A: antennae 1, powered by pain 1, spiny 3, sturdy frame 2, camouflage 1
a: Renounce Religion, Heroism, Finesse, Duel


You were on level 1 of the Orcish Mines.
You worshipped Okawaru.
Okawaru was extremely pleased with you.
You visited 3 branches of the dungeon, and saw 11 of its levels.

You collected 661 gold pieces.
You spent 63 gold pieces at shops.

Inventory:

Hand Weapons
 a - the +11 mace "Hell-Harrower" (weapon) {pain, Fly Will+++ Dex-5 Stlth+}
   (You found it on level 4 of the Dungeon)

   Dex:       It affects your dexterity (-5).
   Fly:       It grants you flight.
   Will:      It greatly increases your willpower.
   Stlth:     It makes you more stealthy.
 b - a +0 sling of draining
Armour
 c - a +0 buckler (worn)
 g - a +1 leather armour of positive energy
 s - a +1 cloak (worn)
 x - a +0 cloak of willpower
 L - a +0 plate armour (worn)
 M - a +0 pair of gloves (worn)
Jewellery
 o - a ring of fire
Wands
 y - a wand of iceblast (19)
 F - a wand of paralysis (15)
Scrolls
 n - 3 scrolls of teleportation
 r - a scroll of magic mapping
 E - a scroll of fog
Potions
 f - 2 potions of lignification
 h - 3 potions of brilliance
 i - 2 potions of flight
 l - 5 potions of magic
 m - 6 potions of curing
 w - 5 potions of heal wounds
 z - 3 potions of berserk rage
 A - 2 potions of cancellation
 B - 4 potions of might
 C - 3 potions of attraction
 G - 2 potions of resistance


   Skills:
 * Level 9.2 Fighting
 - Level 1.5(3.7) Axes
 + Level 5.3(5.5) Maces & Flails
 + Level 5.3 Ranged Weapons
 + Level 6.2 Armour
 + Level 5.3 Dodging
 + Level 6.2 Shields


You had 9 spell levels left.
You didn't know any spells.
Your spell library contained the following spells:

 Spells                   Type           Power      Damage    Failure   Level
 Apportation              Tloc           0%         N/A       98%         1
 Necrotise                Necr           0%         1d4       98%         1
 Ensorcelled Hibernation  Hex/Ice        0%         N/A       99%         2
 Passwall                 Tmut/Erth      0%         N/A       99%         2
 Ozocubu's Armour         Ice            0%         N/A       100%        3
 Swiftness                Air            0%         N/A       100%        3
 Passage of Golubria      Tloc           0%         N/A       100%        4
 Metabolic Englaciation   Hex/Ice        0%         N/A       100%        5
 Yara's Violent Unravell  Hex/Tmut       0%         3d3       100%        5
 Summon Small Mammal      Summ           Unusable   N/A       N/A         1
 Call Canine Familiar     Summ           Unusable   N/A       N/A         3
 Summon Guardian Golem    Hex/Summ       Unusable   N/A       N/A         3
 Tukima's Dance           Hex            Unusable   N/A       N/A         3
 Simulacrum               Ice/Necr       Unusable   N/A       N/A         6

Dungeon Overview and Level Annotations

Branches:
Dungeon (9/15)             Temple (1/1) D:4             Orc (1/2) D:9
   Lair: D:8-11

Altars:
Ashenzari
Cheibriados
Dithmenos
Fedhas
Gozag
Hepliaklqana
Kikubaaqudgha
Makhleb
Nemelex Xobeh
Okawaru
Qazlal
Ru
Sif Muna
Trog
Uskayaw
Vehumet
Wu Jian
Xom
Yredelemnul

Shops:
D:3 (   D:4 [


Innate Abilities, Weirdness & Mutations

You have a pair of small antennae on your head.
You sometimes gain a little power by taking damage.
You are completely covered in sharp spines.
Your movements are less encumbered by armour. (ER -4)
Your skin changes colour to match your surroundings (Stealth+).


Message History

You are too injured to fight recklessly!
You are too injured to fight recklessly!
You are too injured to fight recklessly!
You are too injured to fight recklessly!
You are too injured to fight recklessly!
You are too injured to fight recklessly!
You are too injured to fight recklessly!
You are too injured to fight recklessly!
You are too injured to fight recklessly!
You are too injured to fight recklessly!
You are too injured to fight recklessly!
You sock the orc warrior!
The orc warrior is almost dead.
The orc warrior hits you but does no damage.
The orc is struck by your spines.
You kill the orc!
Okawaru accepts your kill.
The orc priest hits you but does no damage.
The orc warrior barely misses you.
You hit the orc priest.
The orc priest is severely wounded.
The orc warrior hits you with a +1 short sword of electrocution.
You are electrocuted!!
* * * LOW HITPOINT WARNING * * *
You block the orc priest's attack.
The orc warrior is struck by your spines.
You kill the orc warrior!
Okawaru accepts your kill.
You sock the orc priest!
You kill the orc priest!
Okawaru accepts your kill. You block the orc warrior's attack.
The orc warrior is struck by your spines.
The orc warrior barely misses you.
You sock the orc warrior!
The orc warrior is heavily wounded.
The orc warrior hits you with a +1 short sword of electrocution.
* * * LOW HITPOINT WARNING * * *
You are electrocuted!
You die...

#.....#..........## ###
................#.## ##.##
........#......#...###...#
#....#.#..........##.#..##
....###......#..........#
............#.##
#.......)....##
.........##.##
......)@##### ......)o)#
.........# #........#
......#..# .....#....
...>. .... ..... .....


You could see an orc warrior.

Vanquished Creatures
  Maurice (D:8)
  Maggie (D:7)
  Sigmund (D:4)
  A shadow (D:9)
  A wyvern (D:9)
  3 yaks (D:8)
  3 steam dragons
  A warg (Orc:1)
  A sky beast (D:7)
  2 ice beasts (D:8)
  11 orc warriors
  A black bear (D:7)
  2 centaurs
  6 ogres
  A phantom (D:5)
  A kobold brigand (D:6)
  2 bullfrogs
  A scorpion (D:5)
  13 killer bees (D:9)
  An electric eel (D:8)
  2 howler monkeys
  2 jellies
  Crazy Yiuf (D:5)
  A crimson imp (D:5)
  8 orc priests
  2 gnoll boudas
  5 hounds
  Jessica (D:2)
  7 orc wizards
  14 gnolls
  5 adders
  2 shadow imps
  3 white imps
  2 ufetubi
  4 worms
  A dart slug (D:4)
  42 orcs
  5 endoplasms
  A giant cockroach (D:1)
  2 goblins
  9 hobgoblins
  18 kobolds
  3 quokkas
  10 ball pythons
  7 bats
  4 frilled lizards
  8 rats
223 creatures vanquished.

Vanquished Creatures (others)
  5 plants
5 creatures vanquished.

Grand Total: 228 creatures vanquished

Notes
Turn   | Place    | Note
-------+----------+-------------------------------------------
     0 | D:1      | senseless the Demonspawn Fighter began the quest for the
                  | Orb.
     0 | D:1      | Reached XP level 1. HP: 18/18 MP: 1/1
   470 | D:1      | Gained mutation: You are partially covered in sharp spines.
                  | [demonic ancestry]
   470 | D:1      | Reached XP level 2. HP: 24/24 MP: 2/2
   705 | D:1      | Found a faded altar of an unknown god.
   913 | D:2      | Noticed Jessica
   926 | D:2      | Killed Jessica
   927 | D:2      | Gained mutation: Your movements are slightly less
                  | encumbered by armour. (ER -2) [demonic ancestry]
   927 | D:2      | Reached XP level 3. HP: 11/29 MP: 3/3
  1038 | D:2      | Identified the +5 dagger of Dishonesty {flame, rPois rN+
                  | rCorr Stlth-}
  1050 | D:2      | Identified the +3 war axe "Zyfiteubb" {heavy, rF++ Str+2}
  1123 | D:2      | Reached skill level 1 in Ranged Weapons
  1123 | D:2      | Reached skill level 1 in Dodging
  1123 | D:2      | Gained mutation: You have a pair of small antennae on your
                  | head. [demonic ancestry]
  1123 | D:2      | Reached XP level 4. HP: 32/36 MP: 4/4
  1180 | D:2      | Found the +5 robe of Misfortune {Harm *Corrode *Slow EV+5}
  1786 | D:3      | Found Ujaxyska's Weapon Boutique.
  1875 | D:3      | Reached skill level 4 in Fighting
  1875 | D:3      | Reached XP level 5. HP: 42/42 MP: 5/5
  2564 | D:4      | Noticed an ogre
  2572 | D:4      | Killed an ogre
  2617 | D:4      | Found Axas's Armour Shoppe.
  2638 | D:4      | Bought a +0 cloak for 63 gold pieces
  2660 | D:4      | Noticed Sigmund
  2669 | D:4      | Killed Sigmund
  2670 | D:4      | Reached skill level 1 in Axes
  2670 | D:4      | Gained mutation: Your movements are less encumbered by
                  | armour. (ER -4) [demonic ancestry]
  2670 | D:4      | Reached XP level 6. HP: 27/49 MP: 6/6
  2784 | D:4      | Identified the +11 mace "Hell-Harrower" {pain, Fly Will+++
                  | Dex-5 Stlth+}
  3127 | D:4      | Gained mutation: You are mostly covered in sharp spines.
                  | [demonic ancestry]
  3127 | D:4      | Reached XP level 7. HP: 55/55 MP: 7/7
  3303 | D:4      | Found a staircase to the Ecumenical Temple.
  3528 | Temple   | Entered the Ecumenical Temple
  3685 | Temple   | Became a worshipper of Warmaster Okawaru
  3749 | D:5      | Entered Level 5 of the Dungeon
  3764 | D:5      | Reached skill level 5 in Fighting
  3836 | D:5      | Noticed a steam dragon
  3844 | D:5      | Killed a steam dragon
  4023 | D:5      | Found a broken altar of Ashenzari.
  4216 | D:5      | Found a runed translucent door.
  4217 | D:5      | Noticed Crazy Yiuf
  4488 | D:5      | Found a burning altar of Makhleb.
  4488 | D:5      | Found a radiant altar of Vehumet.
  4493 | D:5      | Reached * piety under Okawaru
  4654 | D:5      | Killed Crazy Yiuf
  4888 | D:6      | Reached XP level 8. HP: 64/64 MP: 8/8
  4976 | D:6      | Reached skill level 6 in Fighting
  5540 | D:7      | Reached ** piety under Okawaru
  5692 | D:7      | Noticed Maggie
  5705 | D:7      | Killed Maggie
  5706 | D:7      | Reached skill level 7 in Fighting
  5961 | D:7      | Gained mutation: You sometimes gain a little power by
                  | taking damage. [demonic ancestry]
  5961 | D:7      | Reached XP level 9. HP: 71/72 MP: 9/9
  6228 | D:7      | Reached skill level 5 in Armour
  6272 | D:7      | Reached skill level 5 in Shields
  6878 | D:8      | Noticed Maurice
  6882 | D:8      | Paralysed by Maurice for 4 turns
  6892 | D:8      | Killed Maurice
  6892 | D:8      | Reached *** piety under Okawaru
  6911 | D:8      | Reached skill level 8 in Fighting
  7062 | D:8      | Found a shimmering altar of Xom.
  7601 | D:9      | Reached **** piety under Okawaru
  7749 | D:9      | Gained mutation: You are completely covered in sharp
                  | spines. [demonic ancestry]
  7749 | D:9      | Reached XP level 10. HP: 79/81 MP: 10/10
  8019 | D:9      | Reached skill level 5 in Maces & Flails
  8026 | D:9      | Reached skill level 5 in Dodging
  8030 | D:9      | Reached skill level 5 in Ranged Weapons
  8045 | D:9      | Found a staircase to the Orcish Mines.
  8047 | D:9      | Reached ***** piety under Okawaru
  8209 | D:9      | Reached skill level 9 in Fighting
  8362 | D:9      | Gained mutation: You are agile. (Dex +4, Str/Int -1)
                  | [potion of mutation]
  8363 | D:9      | Lost mutation: You are agile. (Dex +4, Str/Int -1) [potion
                  | of mutation]
  8363 | D:9      | Gained mutation: You are strong-willed. (Will+) [potion of
                  | mutation]
  8363 | D:9      | Lost mutation: You are strong-willed. (Will+) [potion of
                  | mutation]
  8363 | D:9      | Gained mutation: Your skin changes colour to match your
                  | surroundings (Stealth+). [potion of mutation]
  8383 | Orc:1    | Entered Level 1 of the Orcish Mines
  8744 | Orc:1    | Slain by an orc warrior

Illustrated notes

Levels and vault maps discovered:
D:1:      tarquinn_simple_flora_water_b, layout_loops_corners,
          basic_ecumenical_altar, hangedman_abyss_or_decor_lesser_grid
D:2:      layout_rooms, uniq_jessica
D:3:      layout_loops_ring, serial_shops, nicolae_shop_bloodbath_and_beyond,
          nicolae_figureground_sparkle
D:4:      layout_cave_pods, temple_doors_e, serial_shops,
          nicolae_shop_window_shopping, serial_bayou_ford_a, uniq_sigmund
D:5:      layout_loops_cross, grunt_temple_overflow_lords_of_destruction,
          nicolae_overflow_crystal_walls, amethyst_killhole,
          uniq_crazy_yiuf_cottage
D:6:      layout_loops_ring
D:7:      layout_loops_corners, lightli_orcish_oven, uniq_maggie
D:8:      layout_basic, old_standard_altar, serial_bayou_crossing, uniq_maurice
D:9:      layout_basic, david_orc_5
Temple:   regret_index_temple_chain_breaker
Orc:1:    layout_caves, uniq_urug, uniq_snorg

Skill      XL: |  1  2  3  4  5  6  7  8  9 10 |
---------------+-------------------------------+-----
Maces & Flails | 2 3 4 5 |  5.3
Armour         | 3 4 5 6 |  6.2
Ranged Weapons | 1 2 3 4 5 |  5.3
Dodging        | 1 2 3 4 5 |  5.3
Shields        | 3 4 5 6 |  6.2
Fighting       | 4 5 7 8 9 |  9.2
Axes           | 1 |  1.5

Action                     |  1- 3 |  4- 6 |  7- 9 | 10-12 || total
---------------------------+-------+-------+-------+-------++-------
  Melee: Flail             |    29 |       |       |       ||    29
         Unarmed           |     8 |       |       |       ||     8
         Club              |    18 |    27 |       |       ||    45
         War axe           |       |    27 |       |       ||    27
         Mace              |       |     7 |   136 |   106 ||   249
   Fire: Sling             |    33 |    62 |   156 |    44 ||   295
    Use: Scroll            |     4 |     8 |    10 |     2 ||    24
         Potion            |     2 |       |       |     2 ||     4
   Stab: Sleeping          |       |       |     1 |       ||     1
 Armour: Leather armour    |    18 |    14 |    14 |       ||    46
         Scale mail        |     4 |       |       |       ||     4
         Ring mail         |       |       |    36 |    23 ||    59
         Plate armour      |       |       |       |    39 ||    39
  Dodge: Dodged            |    33 |    39 |   107 |    72 ||   251
  Block: Buckler           |    17 |    13 |    33 |    35 ||    98

Table legend: (Time is in decaauts)
 A = Elapsed time spent in this place.
 B = Non-inter-level travel time spent in this place.
 C = Inter-level travel time spent in this place.
 D = Time resting spent in this place.
 E = Time spent auto-exploring this place.
 F = Levels seen in this place.
 G = Mean time per level.
                   A        B        C        D        E       F      G
               +--------+--------+--------+--------+--------+-----+--------+
         Total |   8869 |   8554 |    315 |    472 |   6460 |  11 |  806.3 |
       Dungeon |   8574 |   8302 |    272 |    472 |   6298 |   9 |  952.7 |
        Temple |    172 |    129 |     43 |      0 |    111 |   1 |  172.0 |
  Orcish Mines |    122 |    122 |      0 |      0 |     51 |   1 |  122.0 |
               +--------+--------+--------+--------+--------+-----+--------+

Top non-repeatable levels by time:
     D:7: 1269 daAuts
     D:1: 1098 daAuts
     D:4: 1038 daAuts
     D:9: 975 daAuts
     D:5: 938 daAuts
     D:8: 914 daAuts
     D:3: 892 daAuts
     D:6: 827 daAuts
     D:2: 619 daAuts
  Temple: 172 daAuts
   Orc:1: 122 daAuts
